 Dungeon Crawl Stone Soup version 0.31.0-11-ge490571c62 (webtiles) character file.

Game seed: 9728643106008512864

56 RancidPinata the Sneak (level 3, -1/26 HPs)
             Began as an Octopode Delver on Feb 6, 2024.
             Splashed by a jelly's acid (8 damage)
             ... on level 5 of the Dungeon.
             The game lasted 00:01:18 (178 turns).

RancidPinata the Sneak (Octopode Delver)             Turns: 178, Time: 00:01:18

Health: -1/26      AC:  1    Str: 13    XL:     3   Next: 95%
Magic:  3/3        EV: 13    Int: 12    God:
Gold:   16         SH:  0    Dex: 13    Spells: 2/2 levels left

rFire   . . .        a - +0 short sword
rCold   . . .        (no shield)
rNeg    . . .        (helmet restricted)
rPois   .            (no amulet)
rElec   .            (no ring)
rCorr   .            (no ring)
SInv    .            (no ring)
Will    .....        (no ring)
Stlth   ++++         (no ring)
HPRegen 0.24/turn    (no ring)
MPRegen 0.08/turn    (no ring)
                     (no ring)

%: no passive effects
@: no status effects
A: almost no armour, amphibious, 8 rings, camouflage 1, gelatinous body 1,
(nimble swimmer 1), tentacles
a: no special abilities


You were on level 5 of the Dungeon.
You visited 1 branch of the dungeon, and saw 2 of its levels.

You collected 16 gold pieces.

Inventory:

Hand Weapons
 a - a +0 short sword (weapon)
Missiles
 g - 2 stones (quivered)
Wands
 f - a wand of digging (3)
Scrolls
 b - a scroll of fog
 c - a scroll of revelation
 d - a scroll of fear
Potions
 e - 2 potions of haste


   Skills:
 * Level 3.5 Fighting
 + Level 2.3 Short Blades
 * Level 2.7 Dodging
 * Level 7.2 Stealth


You had 2 spell levels left.
You didn't know any spells.
Your spell library was empty.

Dungeon Overview and Level Annotations

Branches:
Dungeon (6/15)
 Temple: D:4-7

Altars:
The Shining One


Innate Abilities, Weirdness & Mutations

You cannot wear most types of armour.
You are amphibious.
You can wear up to eight rings at the same time.
Your skin changes colour to match your surroundings (Stealth+).
Your rubbery body absorbs attacks. (AC +1, EV +1)
((You are camouflaged when in or above water. (Stealth+)))
You have tentacles for arms and can constrict up to eight enemies at once.


Message History

Found 16 gold pieces.
Found a glowing golden altar of the Shining One.
Found a flail.
There is an open door here.
You now have 16 gold pieces.
You open the door.
There is an open door here.
There is an open door here.
You see here a +0 flail.
You open the door.
There is an open door here.
There is an open door here.
You open the door.
There is an open door here.
There is an open door here.
You open the door.
There is an open door here.
There is an open door here.
There is a glowing golden altar of the Shining One here.
You open the door.
Found 3 large rocks.
There is an open door here.
Found a scroll labelled TUTWAY URCHEOKI.
A jelly comes into view.
Found a murky green potion.
The jelly quivers.
You hit the jelly.
Your tentacles burn!
The jelly is lightly wounded.
The jelly hits you.
You are splashed with acid.
You completely miss the jelly.
The jelly is lightly wounded.
You hit the jelly but do no damage.
Your tentacles burn!
You squeeze the jelly.
The jelly is moderately wounded.
The jelly closely misses you.
You hit the jelly.
Your tentacles burn!
Your squeeze misses the jelly.
The jelly is severely wounded.
The jelly hits you.
* * * LOW HITPOINT WARNING * * *
You are splashed with acid!
You die...

... # ..!.#....#. ###
#........#. .. ##...#
....## #.
..#.######..###.###
#.#.#...##...##....
..####.#.#.#.##.♣'♣♣♣'♣.
.......J.#.#.##.♣..)..♣.
.......@...(....♣.≈≈§.♣.
........##.#....♣.....♣.
...........#....'.._..'.
........####.###♣.....♣#
........# #....♣.≈≈≈.♣
...?....# #####♣.....♣
........##.#####♣'♣♣♣'♣
#.####.......†........#
###.#####.######


You could see a jelly.

Vanquished Creatures
  A scorpion (D:5)
1 creature vanquished.

Notes
Turn   | Place    | Note
-------+----------+-------------------------------------------
     0 | D:5      | RancidPinata the Octopode Delver began the quest for the
                  | Orb.
     0 | D:5      | Reached XP level 1. HP: 16/16 MP: 1/1
     1 | D:6      | Noticed a water moccasin
    24 | D:5      | Noticed a scorpion
    31 | D:5      | Killed a scorpion
    32 | D:5      | Reached skill level 7 in Stealth
    32 | D:5      | Reached XP level 2. HP: 6/21 MP: 2/2
    32 | D:5      | Reached XP level 3. HP: 8/26 MP: 3/3
   109 | D:5      | Found a glowing golden altar of the Shining One.
   178 | D:5      | Splashed by a jelly's acid

Illustrated notes

Levels and vault maps discovered:
D:5:      layout_basic, mainiacjoe_overflow_six_doors_small,
          minmay_temple_entry_ruins
D:6:      layout_basic, nicolae_overflow_hidden_temple, minmay_quadrilaterals

Skill      XL: |  1 |
---------------+----+-----
Stealth        | 7 |  7.2
Fighting       | |  3.5
Short Blades   | |  2.3
Dodging        | |  2.7

Action                     || total
---------------------------++-------
  Melee: Short sword       ||     8
         Tentacles         ||     2
         Constrict         ||     1
   Stab: Sleeping          ||     1
 Armour: Skin              ||     4
  Dodge: Dodged            ||     2
